 Dungeon Crawl Stone Soup version 0.14-a0-2632-gd2f732a (webtiles) character file.

3480 Jenx the Gouger (level 9, 39/39 HPs)
             Began as a Felid Monk on Feb 15, 2014.
             Was a High Priest of Dithmenos.
             Quit the game on Level 1 of the Lair of Beasts.
             The game lasted 00:38:17 (12711 turns).

Jenx the Gouger (Felid Monk)                       Turns: 12711, Time: 00:38:17

HP  39/39        AC  2     Str 10      XL: 9   Next: 65%
MP  18/18        EV 28     Int 17      God: Dithmenos [*****.]
Gold 278         SH  0     Dex 20      Spells:  2 memorised,  7 levels left
Lives: 0, deaths: 3

rFire  . . .     SeeInvis +       - Unarmed
rCold  . . .     Clarity  .     (armour unavailable)
rNeg   . . .     Conserve .     (shield unavailable)
rPois  .         rCorr    .     (helmet unavailable)
rElec  .         rRot     .     (cloak unavailable)
SustAb . .       Spirit   .     (gloves unavailable)
rMut   .         Warding  .     (boots unavailable)
Saprov . . .     Stasis   .     (no amulet)
MR     +....                    e - +5 ring of intelligence
                                K - +1 ring of dexterity

@: wreathed by umbra, quick, somewhat resistant to hostile enchantments,
extremely stealthy
A: paw claws, no armour, no weapons or thrown items, fangs 3, see invisible,
carnivore 3, speed 1, shaggy fur 2, slow metabolism 1, jump 2
a: Jump Attack, Shadow Step, Shadow Form, Renounce Religion


You were on level 1 of the Lair of Beasts.
You worshipped Dithmenos.
Dithmenos was extremely pleased with you.
You were not hungry.

You visited 3 branches of the dungeon, and saw 12 of its levels.

You collected 608 gold pieces.
You spent 330 gold pieces at shops.

Inventory:

Magical devices
 E - a wand of teleportation (8)
 H - a wand of disintegration (2)
 J - a wand of cold (8)
 O - a wand of slowing (15)
Comestibles
 b - 9 meat rations
Scrolls
 c - a scroll of amnesia
 n - a scroll of summoning
 o - a scroll of teleportation
 q - 4 scrolls of remove curse
 u - a scroll of magic mapping
 L - a scroll of identify
Jewellery
 a - an uncursed ring of teleportation
 e - a +5 ring of intelligence (right paw)
 i - an uncursed ring of protection from magic
 k - an uncursed ring of positive energy
 r - an uncursed ring of protection from fire
 A - an uncursed ring of sustain abilities {unknown}
 B - an uncursed ring of see invisible
 K - a +1 ring of dexterity (left paw)
Potions
 d - 2 potions of brilliance
 l - a potion of paralysis
 v - 2 potions of invisibility {unknown}
 w - a potion of speed {unknown}
 z - a potion of degeneration {unknown}
 D - 2 potions of agility {unknown}
 G - a potion of restore abilities {unknown}
 N - a potion of mutation {unknown}
 Q - a potion of berserk rage {unknown}
Books
 g - a book of Cantrips

   Spells                             Type                      Level
   Confusing Touch                    Hexes                        1
   Animate Skeleton                   Necromancy                   1
   Summon Small Mammal                Summoning                    1
   *Apportation                       Translocation                1
 I - a book of Death

   Spells                             Type                      Level
   Corpse Rot                         Necromancy                   2
   Sublimation of Blood               Necromancy                   2
   Agony                              Necromancy                   5
   Dispel Undead                      Necromancy                   5
   Excruciating Wounds                Charms/Necromancy            5
   Bolt of Draining                   Conjuration/Necromancy       5
 M - a book of Burglary

   Spells                             Type                      Level
   *Apportation                       Translocation                1
   *Swiftness                         Charms/Air                   2
   Passwall                           Transmutation/Earth          3
   Passage of Golubria                Translocation                4
   Lee's Rapid Deconstruction         Earth                        5
   Darkness                           Hexes                        7


   Skills:
 - Level 4.0 Fighting
 - Level 10.4 Dodging
 - Level 5.0 Stealth
 - Level 13.2 Unarmed Combat
 + Level 1.1 Spellcasting
 - Level 3.1 Charms
 * Level 1.8 Air Magic
 - Level 2.6 Invocations


You had 7 spell levels left.
You knew the following spells:

 Your Spells              Type           Power        Failure   Level  Hunger
a - Apportation           Tloc           #.........   24%         1    ##.....
b - Swiftness             Chrm/Air       #.......     14%         2    ###....


Dungeon Overview and Level Annotations

Branches:
Dungeon (10/16)            Temple (1/1) D:4            Lair (1/8) D:10
    Orc: D:9-12

Altars:
Ashenzari
Cheibriados
Dithmenos
Elyvilon
Kikubaaqudgha
Makhleb
Nemelex Xobeh
Okawaru
Yredelemnul
Zin
Jiyva

Shops:
D:4 ?   D:6 [   D:8 /   D:9 (   D:10 [

Annotations:
D:4 Edmund


Innate Abilities, Weirdness & Mutations

You cannot wear armour.
You are incapable of wielding weapons or throwing items.
Your paws have sharp claws.
You have razor-sharp teeth.
You have supernaturally acute eyesight.
You are carnivorous and can eat meat at any time.
You cover ground quickly.
You are covered in thick fur (AC +2).
You have a slow metabolism.
You can jump attack at a medium distance.


Message History

You feel sick.
You start resting.
* * * LOW HITPOINT WARNING * * *
You feel sick.
You start resting.
* * * LOW HITPOINT WARNING * * *
You feel sick.
You start resting.
* * * LOW HITPOINT WARNING * * *
You feel sick.
You start resting.
* * * LOW HITPOINT WARNING * * *
You feel sick.
You feel a little better.
You start resting.
You die...
You feel sick.
You are now level 9!
You rejoin the land of the living...
Are you sure you want to abandon this character and quit the game? (Confirm with "yes".)

,,,, *,,,,,,,**,*
*,, ,,,**
,,,**,,,*,,, ,*,,*
*****,**
,,,**,,,,,,.,,**,*
***
****,,,,**...,,,,*
,* *,,*****#..,***
****,** * *#.####
***,,*** *,,,....#
** ,,,,* *,,,,#..#
,,,,,,,* *,**,,#@#
**,,,,,* *,, *,#.#
**,,,,,* *,* *,#.#
**, ,,, *,,,, ..#
***,**** ****,,..#
** *,..##
********* *,##*
,,,,,**,*****,*
,**,, ,,,, *,,**


There were no monsters in sight!

Vanquished Creatures
  2 spiny frogs (Lair:1)
  A centaur zombie (D:8)
  A wyvern (D:9)
  Eustachio (D:4)
  6 yaks (D:9)
  Grum (D:10)
  A necrophage (D:7)
  2 wolves (D:10)
  4 hungry ghosts
  A steam dragon (D:7)
  A hippogriff (D:8)
  2 ice beasts
  A sky beast (D:4)
  A yellow wasp (D:6)
  2 phantoms (D:7)
  3 centaurs
  5 orc warriors
  2 ogres
  Sigmund (D:7)
  A crocodile (D:9)
  4 water moccasins
  3 wargs (D:10)
  2 giant frogs (D:6)
  A troll skeleton (D:7)
  A yak skeleton (D:8)
  A goliath beetle (D:10)
  A giant frog zombie (D:7)
  6 orc priests
  4 jellies (D:7)
  2 crimson imps
  4 hounds
  Crazy Yiuf (D:4)
  2 iguanas
  A quasit (D:8)
  17 orc wizards
  4 worker ants
  5 scorpions
  Ijyb (D:6)
  An ogre skeleton (D:6)
  3 gnolls
  10 adders
  A giant centipede (D:9)
  A worm zombie (D:5)
  A giant mite (D:2)
  7 worms
  An adder skeleton (D:7)
  2 giant geckos
  4 oozes
  45 orcs
  A bat skeleton (D:6)
  15 goblins
  13 hobgoblins
  20 jackals
  9 kobolds
  11 bats
  10 giant cockroaches
  3 giant newts
  A goblin skeleton (D:5)
  A jackal zombie (D:5)
  3 orc skeletons
  17 rats
  A rat skeleton (D:4)
  9 ballistomycetes (D:8)
289 creatures vanquished.

Vanquished Creatures (collateral kills)
  An adder (D:6)
  An orc (D:6)
2 creatures vanquished.

Vanquished Creatures (others)
  A giant spore (D:8)
  3 ballistomycetes (D:8)
  A bush (D:8)
5 creatures vanquished.

Grand Total: 296 creatures vanquished

Notes
Turn   | Place    | Note
--------------------------------------------------------------
     0 | D:1      | Jenx, the Felid Monk, began the quest for the Orb.
     0 | D:1      | Reached XP level 1. HP: 9/9 MP: 2/2
   126 | D:1      | Reached XP level 2. HP: 8/13 MP: 3/3
  1059 | D:1      | Reached skill level 5 in Stealth
  1165 | D:2      | Reached XP level 3. HP: 16/16 MP: 5/5
  1227 | D:2      | Found a snail-covered altar of Cheibriados.
  2106 | D:3      | Reached XP level 4. HP: 20/20 MP: 7/7
  2176 | D:3      | Learned a level 1 spell: Apportation
  2698 | D:3      | Found a glowing silver altar of Zin.
  2699 | D:3      | Found a sparkling altar of Nemelex Xobeh.
  2728 | D:3      | Reached XP level 5. HP: 15/24 MP: 8/8
  2879 | D:4      | Found a staircase to the Ecumenical Temple.
  2885 | Temple   | Entered the Ecumenical Temple
  2893 | Temple   | Became a worshipper of Dithmenos
  2893 | Temple   | Acquired Dithmenos' first power
  2971 | D:4      | Noticed Eustachio
  2984 | D:4      | Killed Eustachio
  2984 | D:4      | Reached skill level 5 in Unarmed Combat
  2984 | D:4      | Reached skill level 1 in Invocations
  2984 | D:4      | Gained mutation: You are covered in thick fur (AC +2). [growing up]
  2984 | D:4      | Gained mutation: You can jump attack at a medium distance. [growing up]
  2984 | D:4      | Reached XP level 6. HP: 18/28 MP: 9/11
  3039 | D:4      | Paralysed by a potion of paralysis for 4 turns
  3164 | D:4      | Noticed a sky beast
  3178 | D:4      | Killed a sky beast
  3178 | D:4      | Reached skill level 6 in Unarmed Combat
  3444 | D:4      | Noticed Crazy Yiuf
  3454 | D:4      | Killed Crazy Yiuf
  3536 | D:4      | Reached XP level 7. HP: 31/31 MP: 14/14
  3566 | D:4      | Found Xyafi's Magic Scroll Boutique.
  3574 | D:4      | Bought a scroll of remove curse for 42 gold pieces
  4352 | D:4      | Noticed Edmund
  4364 | D:4      | Slain by Edmund
  4365 | D:4      | Reached XP level 6. HP: -2/28 MP: 12/12
  4426 | D:4      | Reached skill level 7 in Unarmed Combat
  4849 | D:5      | Entered Level 5 of the Dungeon
  5131 | D:5      | Reached XP level 7. HP: 18/31 MP: 14/14
  5712 | D:6      | Noticed Ijyb
  5954 | D:6      | Killed Ijyb
  6091 | D:6      | Found Sosoczenee's Armour Shop.
  6114 | D:6      | Found an ancient bone altar of Kikubaaqudgha.
  6148 | D:6      | Killed from afar by an orc wizard
  6149 | D:6      | Reached XP level 6. HP: 0/28 MP: 12/12
  6153 | D:6      | Acquired Dithmenos' second power
  6559 | D:6      | Reached skill level 8 in Unarmed Combat
  6572 | D:6      | Reached skill level 5 in Dodging
  6626 | D:6      | Reached XP level 7. HP: 26/32 MP: 14/14
  6698 | D:6      | Found a burning altar of Makhleb.
  6952 | D:7      | Noticed Sigmund
  6966 | D:7      | Found a viscous altar of Jiyva.
  6983 | D:7      | Killed Sigmund
  6983 | D:7      | Reached skill level 9 in Unarmed Combat
  7294 | D:7      | Reached XP level 8. HP: 7/36 MP: 16/16
  8053 | D:7      | Reached skill level 10 in Unarmed Combat
  8444 | D:8      | Noticed a centaur zombie
  8463 | D:8      | Killed a centaur zombie
  8463 | D:8      | Reached XP level 9. HP: 32/39 MP: 18/18
  8465 | D:8      | Found a basalt altar of Yredelemnul.
  8637 | D:8      | Acquired Dithmenos' third power
  9033 | D:8      | Reached skill level 11 in Unarmed Combat
  9771 | D:8      | Found Oshraip's Magical Wand Shoppe.
  9868 | D:8      | Bought a wand of teleportation (4) for 288 gold pieces
 10134 | D:9      | Found Chucwaes' Antique Weapon Emporium.
 10191 | D:9      | Reached skill level 12 in Unarmed Combat
 10215 | D:9      | Reached skill level 10 in Dodging
 10485 | D:9      | Found a white marble altar of Elyvilon.
 10603 | D:9      | Reached XP level 10. HP: 21/42 MP: 20/20
 11498 | D:10     | Entered Level 10 of the Dungeon
 11656 | D:10     | Learned a level 2 spell: Swiftness
 11659 | D:10     | Found Ogrost's Armour Shoppe.
 11873 | D:10     | Noticed Grum
 11875 | D:10     | Reached skill level 1 in Charms
 11910 | D:10     | Killed Grum
 12480 | D:10     | Found a staircase to the Lair.
 12501 | D:10     | Reached skill level 13 in Unarmed Combat
 12512 | Lair:1   | Entered Level 1 of the Lair of Beasts
 12633 | Lair:1   | Acquired Dithmenos' fourth power
 12691 | Lair:1   | Reached skill level 1 in Spellcasting
 12691 | Lair:1   | Reached skill level 1 in Air Magic
 12708 | Lair:1   | HP: 2/42 [poisoned by a spiny frog]
 12710 | Lair:1   | Succumbed to a spiny frog's poison
 12711 | Lair:1   | Reached XP level 9. HP: 1/39 MP: 18/18
 12711 | Lair:1   | Quit the game

Action                   |  1- 3 |  4- 6 |  7- 9 | 10-12 || total
-------------------------+-------+-------+-------+-------++-------
Melee: Unarmed           |   154 |   237 |   492 |   226 ||  1109
 Cast: Swiftness         |       |       |       |     1 ||     1
 Abil: Jump Attack       |       |     3 |     9 |     4 ||    16
Evoke: Wand              |       |     4 |     4 |     3 ||    11
  Use: Scroll            |     4 |     7 |     6 |     8 ||    25
       Potion            |       |     3 |     9 |       ||    12
 Stab: Sleeping          |    10 |    11 |    22 |    11 ||    54
       Distracted        |     1 |       |     1 |     1 ||     3
